 Dungeon Crawl Stone Soup version 0.22.0-27-ga576289 (webtiles) character file.

8700 leisz the Fighter (level 11, -15/99 HPs)
             Began as a Hill Orc Monk on Aug 21, 2018.
             Was a High Priest of Nemelex Xobeh.
             Killed from afar by Nikola (23 damage)
             ... with a chain lightning
             ... on level 1 of the Snake Pit.
             The game lasted 01:04:31 (12839 turns).

leisz the Fighter (Hill Orc Monk)                  Turns: 12839, Time: 01:04:32

Health: -15/99     AC: 16    Str: 18    XL:     11   Next: 35%
Magic:  11/11      EV: 18    Int: 10    God:    Nemelex Xobeh [*****.]
Gold:   453        SH:  7    Dex: 13    Spells: 10/10 levels left

rFire    . . .     SeeInvis .   v - +0 hand axe (venom)
rCold    . . .     Gourm    .   D - +2 buckler
rNeg     . . .     Faith    .   T - +4 ring mail
rPois    .         Spirit   .   g - +0 helmet
rElec    .         Reflect  .   m - +0 cloak
rCorr    .         Harm     .   d - +0 pair of gloves
MR       .....                  R - +0 pair of boots
Stlth    +++.......             (no amulet)
HPRegen  0.26/turn              s - +4 ring of evasion
MPRegen  0.12/turn              h - ring of stealth

@: lethally poisoned (-15 -> -24)
A: no striking features
a: Triple Draw, Deal Four, Stack Five, Renounce Religion


You were on level 1 of the Snake Pit.
You worshipped Nemelex Xobeh.
Nemelex Xobeh was extremely pleased with you.
You were not hungry.

You visited 4 branches of the dungeon, and saw 12 of its levels.

You collected 453 gold pieces.

Inventory:

Hand Weapons
 u - a +0 hunting sling
 v - a +0 hand axe of venom (weapon)
 J - a +0 flail of protection
Missiles
 a - 2 throwing nets
 i - 333 stones
 n - 12 tomahawks (quivered)
Armour
 d - a +0 pair of gloves (worn)
 g - a +0 helmet (worn)
 m - a +0 cloak (worn)
 D - a +2 buckler (worn)
 R - a +0 pair of boots (worn)
 T - a +4 ring mail (worn)
Jewellery
 h - a ring of stealth (right hand)
 s - a +4 ring of evasion (left hand)
 w - an uncursed ring of teleportation
Wands
 K - a wand of scattershot (7)
 Q - a wand of polymorph (27)
 Y - a wand of digging (18)
Scrolls
 b - a scroll of blinking {unknown}
 k - 3 scrolls of enchant weapon {unknown}
 l - a scroll of acquirement {unknown}
 o - a scroll of fear
 p - a scroll of identify
 q - 3 scrolls of teleportation
 t - 4 scrolls of magic mapping
 y - 4 scrolls of remove curse
 L - 2 scrolls of noise {unknown}
 O - 2 scrolls of amnesia {unknown}
 S - a scroll of vulnerability {unknown}
Potions
 e - 4 potions of invisibility
 f - 2 potions of might
 j - a potion of resistance {unknown}
 r - a potion of magic {unknown}
 x - a potion of berserk rage {unknown}
 z - 2 potions of flight {unknown}
 A - 3 potions of ambrosia
 C - 6 potions of curing
 G - 2 potions of haste
 H - 2 potions of agility {unknown}
 I - a potion of heal wounds
 P - 2 potions of lignification {unknown}
 U - 4 potions of brilliance
 W - 2 potions of cancellation
 X - a potion of mutation {unknown}
Miscellaneous
 E - a plain deck of escape {drawn: 1}
 F - an ornate deck of summoning {drawn: 4}
 M - a plain deck of destruction {drawn: 6}
 N - an ornate deck of summoning
 V - a legendary deck of escape {drawn: 4}
 Z - an ornate deck of summoning {drawn: 3}
Comestibles
 c - 8 rations


   Skills:
 + Level 10.0 Fighting
 + Level 9.3(10.0) Axes
   Level 4.6(6.8) Polearms
 + Level 8.4 Armour
 + Level 7.0 Dodging
 - Level 4.9 Stealth
 + Level 6.2 Shields


You had 10 spell levels left.
You didn't know any spells.
Your spell library contained the following spells:

 Spells                   Type           Power        Failure   Level  Hunger
 Apportation              Tloc           #.....       52%         1    ##.....
 Summon Butterflies       Summ           #.......     52%         1    ##.....
 Lesser Beckoning         Tloc           #.........   88%         3    ####...
 Tukima's Dance           Hex            #.......     88%         3    ####...
 Alistair's Intoxication  Tmut/Pois      #.......     100%        5    ######.
 Invisibility             Hex            #.......     100%        6    #######


Dungeon Overview and Level Annotations

Branches:
Dungeon (8/15)             Temple (1/1) D:7            Lair (2/6) D:8
  Snake (1/4) Lair:2
  Swamp: Lair:2-4    Shoals: Lair:2-4

Altars:
Ashenzari
Cheibriados
Dithmenos
Elyvilon
Fedhas
Gozag
Hepliaklqana
Kikubaaqudgha
Makhleb
Nemelex Xobeh
Okawaru
Qazlal
Ru
Sif Muna
Trog
Uskayaw
Xom
Yredelemnul
Zin
The Shining One

Annotations:
Snake:1 Nikola


Message History

The shock serpent is engulfed in noxious fumes.
The black mamba bites you but does no damage.
The black mamba completely misses you.
Nikola casts a spell.
Nikola blinks!
The black mamba misses you.
You hit the black mamba but do no damage.
The black mamba is lightly wounded.
You hit the black mamba. The black mamba bites you!
You are poisoned.
The black mamba poisons you!
The black mamba bites you but does no damage.
Nikola mumbles some strange words.
You hear a mighty clap of thunder!
The lightning arc hits leisz's illusion.
The lightning arc hits you!
* * * LOW HITPOINT WARNING * * *
The lightning arc hits leisz's illusion.
The lightning arc hits you!
You die...
Your body glows slightly and disappears.

## #. # #. #. #.
###.##.######
............####
## #..@........
....#.@SS.....S.
......§.§§§§....
###.....<§.§....
.......§.§.§....
....@....§§§...#
...............#
..........#####.
...........


You could see Nikola, a shock serpent (confused), 2 black mambas and the
friendly leisz's illusion.

Vanquished Creatures
  A black mamba (Lair:1)
  A gargoyle (D:7)
  9 blink frogs
  3 hippogriffs
  A fire bat (D:6)
  A naga (Lair:2)
  5 porcupines
  3 water moccasins
  2 orc warriors
  An ice beast (D:6)
  A sky beast (D:5)
  3 ogres
  A crocodile (Lair:1)
  3 centaurs
  Blork the orc (D:5)
  6 bullfrogs
  2 scorpions
  A killer bee (D:8)
  6 wights
  A howler monkey (D:7)
  A bullfrog zombie (D:5)
  2 crimson imps (D:5)
  A centaur skeleton (D:4)
  2 jellies
  A bullfrog skeleton (D:6)
  2 gnoll shamans
  A hound (D:7)
  3 orc wizards (D:6)
  Natasha (thrice) (D:4)
  3 worker ants
  A killer bee zombie (D:7)
  A hound zombie (D:7)
  A hound skeleton (D:4)
  2 howler monkey zombies (D:7)
  2 worker ant zombies
  8 gnolls
  9 adders
  3 worms
  An adder skeleton (D:6)
  An adder zombie (D:7)
  2 dart slugs
  3 leopard geckos
  29 orcs
  A ball python (D:2)
  5 giant cockroaches
  4 goblins (D:2)
  9 hobgoblins
  9 jackals
  6 kobolds
  4 quokkas
  11 bats
  A frilled lizard (D:2)
  A quokka zombie (D:6)
  10 rats
  A fungus (Lair:2)
196 creatures vanquished.

Vanquished Creatures (collateral kills)
  A two-headed ogre (D:8)
  A black mamba (Lair:1)
  A komodo dragon (Lair:1)
  4 blink frogs (Lair:1)
  Grinder (D:4)
  A basilisk (Lair:1)
  2 nagas (Lair:2)
  2 water moccasins (Lair:1)
  A porcupine (Lair:1)
  An orc warrior (D:7)
  An ogre (D:4)
  A crocodile (Lair:1)
  4 killer bees (D:8)
  5 wights
  A crimson imp (D:8)
  An orc priest (D:3)
  7 adders
  A leopard gecko (D:3)
  6 orcs
  A ball python (D:2)
43 creatures vanquished.

Grand Total: 239 creatures vanquished

Notes
Turn   | Place    | Note
-------+----------+-------------------------------------------
     0 | D:1      | leisz the Hill Orc Monk began the quest for the Orb.
     0 | D:1      | Reached XP level 1. HP: 19/19 MP: 1/1
   299 | D:1      | Reached XP level 2. HP: 27/27 MP: 2/2
   561 | D:1      | Reached skill level 4 in Fighting
   736 | D:1      | Reached XP level 3. HP: 28/33 MP: 3/3
  1834 | D:2      | Reached skill level 1 in Armour
  1834 | D:2      | Reached XP level 4. HP: 23/40 MP: 4/4
  2102 | D:2      | Found a shattered altar of Ashenzari.
  2107 | D:2      | Found an ancient bone altar of Kikubaaqudgha.
  2113 | D:2      | Found a sparkling altar of Nemelex Xobeh.
  2259 | D:2      | Became a worshipper of Nemelex Xobeh the Trickster
  2259 | D:2      | Received a gift from Nemelex Xobeh
  2259 | D:2      | Reached * piety under Nemelex Xobeh
  2259 | D:2      | Reached ** piety under Nemelex Xobeh
  2531 | D:2      | Received a gift from Nemelex Xobeh
  2628 | D:2      | Reached XP level 5. HP: 45/47 MP: 5/5
  3330 | D:3      | Received a gift from Nemelex Xobeh
  3684 | D:3      | Reached XP level 6. HP: 55/55 MP: 6/6
  3921 | D:4      | Reached *** piety under Nemelex Xobeh
  4261 | D:4      | Reached skill level 5 in Fighting
  4285 | D:4      | Noticed a water moccasin
  4580 | D:4      | Noticed Grinder
  4582 | D:4      | Paralysed by Grinder for 6 turns
  4593 | D:4      | Killed Grinder
  4593 | D:4      | Reached skill level 1 in Axes
  4693 | D:4      | Reached XP level 7. HP: 22/61 MP: 7/7
  5803 | D:4      | Noticed Natasha
  5814 | D:4      | Killed Natasha
  5864 | D:4      | Noticed Natasha
  5872 | D:4      | Killed Natasha
  5907 | D:4      | Noticed Natasha
  5915 | D:4      | Killed Natasha
  5973 | D:4      | Received a gift from Nemelex Xobeh
  6042 | D:5      | Entered Level 5 of the Dungeon
  6122 | D:5      | Reached skill level 6 in Fighting
  6122 | D:5      | Reached XP level 8. HP: 62/70 MP: 8/8
  6508 | D:5      | Received a gift from Nemelex Xobeh
  6618 | D:5      | Reached **** piety under Nemelex Xobeh
  6647 | D:5      | Noticed Blork the orc
  6656 | D:5      | Killed Blork the orc
  7446 | D:6      | Noticed Eustachio
  7447 | D:6      | Noticed Eustachio
  7447 | D:6      | Eustachio changed into Eustachio the fire bat
  7461 | D:6      | Killed Eustachio the fire bat
  7496 | D:6      | Reached skill level 7 in Fighting
  7496 | D:6      | Reached skill level 5 in Axes
  7496 | D:6      | Reached skill level 5 in Armour
  7545 | D:6      | Reached XP level 9. HP: 55/79 MP: 9/9
  8117 | D:6      | Received a gift from Nemelex Xobeh
  8362 | D:7      | Reached skill level 5 in Dodging
  8457 | D:7      | Noticed a gargoyle
  8474 | D:7      | Killed a gargoyle
  8474 | D:7      | Reached skill level 1 in Shields
  8600 | D:7      | Found a staircase to the Ecumenical Temple.
  8619 | Temple   | Entered the Ecumenical Temple
  8697 | Temple   | Reached ***** piety under Nemelex Xobeh
  8883 | D:7      | Received a gift from Nemelex Xobeh
  9180 | D:7      | Found a hazy altar of Hepliaklqana.
  9355 | D:7      | Found an iron altar of Okawaru.
  9407 | D:7      | Reached skill level 8 in Fighting
  9746 | D:8      | Reached XP level 10. HP: 79/88 MP: 10/10
  9798 | D:8      | Noticed a two-headed ogre
  9827 | D:8      | Killed a two-headed ogre
 10389 | D:8      | Found a staircase to the Lair.
 10434 | Lair:1   | Entered Level 1 of the Lair of Beasts
 10434 | Lair:1   | Noticed a black mamba
 10435 | Lair:1   | Received a gift from Nemelex Xobeh
 10464 | Lair:1   | Killed a black mamba
 10799 | Lair:1   | Reached skill level 9 in Fighting
 10966 | Lair:1   | Reached skill level 5 in Shields
 11264 | Lair:1   | Received a gift from Nemelex Xobeh
 11410 | Lair:1   | Reached XP level 11. HP: 85/97 MP: 11/11
 12491 | Lair:2   | Reached skill level 10 in Fighting
 12590 | Lair:2   | Received a gift from Nemelex Xobeh
 12772 | Lair:2   | Found a staircase to the Snake Pit.
 12828 | Snake:1  | Entered Level 1 of the Snake Pit
 12828 | Snake:1  | Noticed Nikola
 12835 | Snake:1  | Noticed a shock serpent
 12839 | Snake:1  | Killed from afar by Nikola

Skill      XL: |  1  2  3  4  5  6  7  8  9 10 11 |
---------------+----------------------------------+-----
Fighting       | 4 5 6 7 8 9 10 | 10.0
Stealth        | 2 3 4 |  4.9
Armour         | 1 2 3 5 6 7 8 |  8.4
Polearms       | 4 |  4.6
Dodging        | 3 4 5 6 7 |  7.0
Axes           | 1 3 5 6 8 9 |  9.3
Shields        | 3 5 6 |  6.2

Action                   |  1- 3 |  4- 6 |  7- 9 | 10-12 || total
-------------------------+-------+-------+-------+-------++-------
Melee: Spear             |   188 |   230 |       |       ||   418
       Hand axe          |       |     4 |   417 |   236 ||   657
 Fire: Hunting sling     |       |    31 |       |       ||    31
Throw: Stone             |    48 |    53 |     6 |       ||   107
       Tomahawk          |       |       |   118 |    50 ||   168
Evoke: Deck              |       |     9 |    16 |    15 ||    40
       Wand              |       |       |     1 |       ||     1
  Use: Scroll            |       |     5 |    15 |       ||    20
       Potion            |       |     1 |       |     2 ||     3
 Stab: Sleeping          |     1 |     3 |     4 |     2 ||    10
       Distracted        |       |     1 |     4 |     2 ||     7
  Eat: Ration            |     1 |     2 |     2 |     2 ||     7
       Chunk             |       |     3 |     9 |     4 ||    16
Armor: Robe              |    52 |    45 |       |       ||    97
       Leather armour    |       |     2 |    44 |       ||    46
       Ring mail         |       |       |    29 |    43 ||    72
Dodge: Dodged            |   126 |   228 |   296 |   180 ||   830
Block: Buckler           |       |       |    44 |    82 ||   126
